 Dungeon Crawl Stone Soup version 0.31-a0-164-g2312942fda (webtiles) character file.

Game seed: 2691715992197806100

109289 qw the Severer (level 16, -8/106 HPs)
             Began as a Gargoyle Fighter on June 13, 2023.
             Was an Elder of Okawaru.
             Mangled by Asterion
             ... wielding a +1 spectral broad axe
              (10 damage)
             ... on level 2 of the Spider Nest.
             The game lasted 00:15:24 (27345 turns).

qw the Severer (Gargoyle Fighter)                  Turns: 27345, Time: 00:15:25

Health: -8/106     AC: 43    Str: 24    XL:     16   Next: 51%
Magic:  23/23      EV: 12    Int: 20    God:    Okawaru [****..]
Gold:   294        SH: 13    Dex:  8    Spells: 15/15 levels left

rFire   . . .        q - +8 war axe of the Ship {vamp, Int+4}
rCold   . . .        y - +0 kite shield {rN+}
rNeg    + + .        F - +2 scale mail "Guyjoup" {Rampage Will++ Regen+}
rPois   inf          e - +2 helmet
rElec   +            g - +2 cloak
rCorr   .            A - +2 pair of gloves
SInv    +            v - +2 pair of boots
Will    +++..        (no amulet)
Stlth   +            n - +4 ring of protection
HPRegen 1.17/turn    k - ring of see invisible
MPRegen 0.18/turn

%: clarity, rampage
@: on fire, about to teleport, heroic, flying, glowing
A: sickness immunity, AC +12, big wings, negative energy resistance 1,
electricity resistance, torment resistance 1, petrification resistance, clarity,
clever 1, wild magic 1
a: Renounce Religion, Heroism, Finesse


You were on level 2 of the Spider Nest.
You worshipped Okawaru.
Okawaru was greatly pleased with you.
You visited 4 branches of the dungeon, and saw 24 of its levels.
You visited 1 bazaar.

You collected 2663 gold pieces.
You spent 2369 gold pieces at shops.


Innate Abilities, Weirdness & Mutations

You are immune to sickness and miasma.
Your stone body is resilient. (AC +12)
You are immune to poison.
Your large and strong wings let you fly.
You resist negative energy. (rN+)
You are resistant to electric shocks. (rElec)
You are resistant to unholy torment.
You are immune to petrification.
You possess an exceptional clarity of mind.
Your mind is acute. (Int +4, Str/Dex -1)
Your spells are a little harder to cast, but a little more powerful.


   Skills:
 - Level 14.0(19.0) Fighting
 - Level 16.0(21.0) Axes
 + Level 6.5(11.5) Throwing
 - Level 12.0(17.0) Armour
 - Level 4.0(9.0) Dodging
 - Level 14.0(19.0) Shields
 - Level 10.0 Invocations


You had 15 spell levels left.
You didn't know any spells.
Your spell library was empty.

Inventory:

Hand Weapons
 l - the +2 hand axe of Charming Slow Death {flame, rC+ MP+9 Dex+3}
   (You found it on level 2 of the Dungeon)

   Dex:       It affects your dexterity (+3).
   rC:        It protects you from cold.
   MP:        It affects your magic capacity (+9).
 q - the +8 war axe of the Ship (weapon) {vamp, Int+4}
   (Okawaru gifted it to you on level 1 of the Orcish Mines)

   Int:       It affects your intelligence (+4).
 x - the +5 war axe of Certain Death {pain, Will++ Dex+3}
   (You found it on level 11 of the Dungeon)

   Dex:       It affects your dexterity (+3).
   Will:      It greatly increases your willpower.
 E - a +0 broad axe
Missiles
 w - a javelin (quivered)
 C - 21 boomerangs
 I - a silver javelin
Armour
 e - a +2 helmet (worn)
 g - a +2 cloak (worn)
 m - a +2 chain mail of fire resistance
 s - +0 acid dragon scales
 t - the +1 plate armour of Ublurukk {Harm Rampage Slay+3}
   (You found it on level 5 of the Lair of Beasts)

   Slay:      It affects your accuracy & damage with ranged weapons and melee
   (+3).
   Harm:      It increases damage dealt and taken.
   Rampage:   It bestows one free step when moving towards enemies.
 v - a +2 pair of boots (worn)
 y - a +0 kite shield of positive energy (worn)
 z - a +2 chain mail of cold resistance
 A - a +2 pair of gloves (worn)
 D - a +1 cloak
 F - the +2 scale mail "Guyjoup" (worn) {Rampage Will++ Regen+}
   (You bought it in a shop on level 2 of the Orcish Mines)

   Regen:     It increases your rate of health regeneration.
   Rampage:   It bestows one free step when moving towards enemies.
   Will:      It greatly increases your willpower.
 H - a +4 chain mail
Jewellery
 k - a ring of see invisible (right hand)
 n - a +4 ring of protection (left hand)
 r - a +4 ring of slaying {mikee}
 B - a ring of fire
Wands
 u - a wand of digging (8)
Scrolls
 a - 5 scrolls of teleportation
 i - 11 scrolls of identify
 j - 2 scrolls of enchant weapon
 G - 2 scrolls of enchant armour
Potions
 b - 5 potions of cancellation
 c - 2 potions of magic
 d - 8 potions of might
 f - 6 potions of curing
 h - 2 potions of mutation
 o - a potion of lignification
 p - 2 potions of haste

Dungeon Overview and Level Annotations

Branches:
Dungeon (15/15)            Temple (0/1) D:5            Lair (5/5) D:10
 Shoals (0/4) Lair:3       Spider (2/4) Lair:3        Slime (0/5) Lair:5
    Orc (2/2) D:12            Elf (0/3) Orc:2        Vaults (0/5) D:14
 Depths (0/4) D:15

Altars:
Ashenzari
Dithmenos
Okawaru
Qazlal
Sif Muna
Trog
Uskayaw
Vehumet
Xom
Zin
The Shining One
Jiyva

Shops:
D:3 =   D:5 *(*:   D:12 :([[   Orc:2 *?[[(

Portals:
Abyss: Orc:1
Trove: D:12 (give 15 scrolls of teleportation)

Annotations:
D:3 1 runed translucent door, Crazy Yiuf
D:4 3 runed translucent doors, qw's ghost, amateur GrFi; qw's ghost, amateur GrHu
Lair:3 exclusion: orange crystal statue
Lair:5 2 runed translucent doors
Spider:1 2 transporters, qw's ghost, adept GrFi
Spider:2 Asterion
Orc:1 2 transporters, Veudig's ghost, journeyman HOFi


Message History

Asterion shares his spectral weapon's damage!
You slash Asterion!
Asterion conjures a destructive force in the name of Makhleb!
The sticky flame hits you but does no damage.
You are covered in liquid flames!
You slash the balrug!
The balrug is almost dead.
You slash the +1 spectral broad axe!
Asterion shares his spectral weapon's damage!
The +1 spectral broad axe disappears.
You slash Asterion!
You feel better.
You are covered in liquid flames!
The balrug hits you but does no damage. Asterion hits you but does no damage.
The +1 spectral broad axe barely misses you.
Asterion gores you but does no damage.
A +1 spectral broad axe comes into view.
You hit the balrug but do no damage.
The balrug is almost dead.
You slice Asterion!!
You feel better.
You slash the +1 spectral broad axe!
Asterion shares his spectral weapon's damage!
You are covered in liquid flames!
The +1 spectral broad axe hits you but does no damage.
Asterion barely misses you. The +1 spectral broad axe hits you!
Asterion closely misses you. The balrug gestures at you.
The bolt of fire hits you!!
27345 ||| READING 6 scrolls of teleportation.
As you read the scroll of teleportation, it crumbles to dust.
You feel strangely unstable.
You are covered in liquid flames!
You block the +1 spectral broad axe's attack.
You block Asterion's attack.
The +1 spectral broad axe hits you but does no damage.
Asterion barely misses you.
The +1 spectral broad axe completely misses you.
The balrug closely misses you.
The +1 spectral broad axe closely misses you.
Asterion hits you with a +1 spectral broad axe!
You block the +1 spectral broad axe's attack.
Asterion gores you!
You die...

.....####.##.#..#...#..##>
...#......####..########.^
#.^...^.##.#.##..# #..#
..###.........#### ##..
##.......##..# #>..
#....##(.# .# ##.#
#..#....### .# ###
#..#...#..#...## #.
#.^.(@2......
#...##..H#...... #.^.
#..#...#.## #.. #$..##.# #
## )... .# .##... ^ #. ..
.# ^ ^.


You could see Asterion (fast), a balrug (summoned) and a +1 spectral broad axe.

Vanquished Creatures
  Jorgrun (D:12)
  Roxanne (D:14)
  2 orc warlords (Orc:2)
  4 broodmothers
  Erolcha (Orc:1)
  7 hydras
  7 centaur warriors
  7 two-headed ogres
  A two-headed ogre (shapeshifter) (D:14)
  2 boulder beetles
  3 death yaks (Lair:5)
  5 tengu warriors
  A demonic crawler (Spider:1)
  An orc high priest (Orc:2)
  3 skysharks
  4 skeletal warriors (D:14)
  2 orb spiders
  A steelbarb worm (Lair:3)
  6 lindwurms
  5 orc knights
  Pikel (D:6)
  A necromancer (D:15)
  4 deep elf pyromancers
  3 orc sorcerers
  3 wolf spiders
  11 ugly things (D:15)
  2 cyclopes
  3 manticores
  A black mamba (shapeshifter) (D:14)
  5 black mambas
  2 merfolk sirens (Lair:3)
  2 centaur zombies (D:15)
  A naga mage (D:15)
  12 elephants (Lair:5)
  A torpor snail (shapeshifter) (D:15)
  5 orange demons (D:15)
  2 torpor snails (Lair:3)
  2 molten gargoyles (Lair:5)
  A gargoyle (D:13)
  A centaur skeleton (D:15)
  10 cane toads
  2 unseen horrors (shapeshifter)
  4 unseen horrors
  2 tengu conjurers
  5 rime drakes
  12 komodo dragons
  4 red devils (D:15)
  3 kobold demonologists (D:12)
  9 trolls
  2 merfolk (Lair:3)
  3 polar bears
  7 tarantellas
  8 blink frogs (Lair:1)
  6 slime creatures
  19 dream sheep
  12 jumping spiders
  A centaur simulacrum (D:15)
  4 culicivoras
  A vampire (D:9)
  42 yaks
  2 shadows (D:12)
  3 wraiths
  6 wyverns
  8 basilisks
  3 steam dragons
  Grum (D:9)
  10 redbacks
  4 vampire mosquitoes
  5 wargs
  6 acid dragons
  11 water moccasins
  3 hell hounds (Lair:5)
  An ice beast (D:7)
  39 orc warriors
  A sky beast (D:7)
  13 wolves
  8 ogres
  16 centaurs
  A phantom (D:6)
  2 lemures (D:6)
  Blork the orc (D:6)
  12 bullfrogs
  6 kobold brigands
  2 gnoll sergeants (D:10)
  7 scorpions
  A wight (D:10)
  2 troll zombies (D:12)
  2 killer bees
  2 electric eels (Lair:2)
  2 howler monkeys
  A jelly (D:6)
  9 lava snakes
  2 hounds
  21 orc priests
  4 gnoll boudas
  A sleepcap (D:5)
  2 iguanas
  21 orc wizards
  6 ogre zombies (D:12)
  27 gnolls
  12 adders
  3 shadow imps
  7 white imps
  2 ufetubi
  5 worms
  A dart slug (D:1)
  99 orcs
  10 ball pythons
  7 endoplasms
  7 giant cockroaches
  9 hobgoblins
  9 jackals
  10 kobolds
  5 quokkas
  A bat (D:2)
  3 frilled lizards
  4 goblins
  2 goblin skeletons (D:12)
  2 goblin zombies (D:12)
  A hobgoblin skeleton (D:12)
  7 hobgoblin zombies (D:12)
  2 orc skeletons (D:12)
  11 orc zombies (D:12)
  8 rats
  2 spectral weapons (Spider:2)
786 creatures vanquished.

Vanquished Creatures (others)
  A molten gargoyle (Lair:5)
  A tengu conjurer (D:13)
  An orc warrior (Orc:2)
  An orc wizard (Orc:2)
4 creatures vanquished.

Grand Total: 790 creatures vanquished

Notes
Turn   | Place    | Note
-------+----------+-------------------------------------------
     0 | D:1      | qw the Gargoyle Fighter began the quest for the Orb.
     0 | D:1      | Reached XP level 1. HP: 14/14 MP: 1/1
     0 | D:1      | 0 ||| qw: Version: 0.2-a-29-gc1b59c4
     0 | D:1      | 0 ||| qw: Game counter: 4594
     0 | D:1      | 0 ||| qw: Always use a shield: true
     0 | D:1      | 0 ||| qw: God list: Okawaru
     0 | D:1      | 0 ||| qw: Allow faded altars: false
     0 | D:1      | 0 ||| qw: Do Orc after D:15 true
     0 | D:1      | 0 ||| qw: Do second Lair branch before Depths: true
     0 | D:1      | 0 ||| qw: Lair rune preference: random
     0 | D:1      | 0 ||| qw: Plans: Normal, Zot:1-4, Slime:5, God:TSO, Crypt,
                  | Tomb, Abyss, Pan, Hells, Win
     0 | D:1      | 0 ||| PLANNING D:1-11
    23 | D:1      | 23 ||| Stepping ~*~*~tactically~*~*~ (hiding).
   143 | D:1      | 143 ||| Stepping ~*~*~tactically~*~*~ (stealth).
   146 | D:1      | 146 ||| Stepping ~*~*~tactically~*~*~ (stealth).
   151 | D:1      | Reached skill level 2 in Axes
   190 | D:1      | 190 ||| DROPPING +0 whip.
   227 | D:1      | Reached XP level 2. HP: 18/19 MP: 2/2
   293 | D:1      | 293 ||| Stepping ~*~*~tactically~*~*~ (stealth).
   424 | D:1      | Reached skill level 3 in Axes
   449 | D:1      | 449 ||| Stepping ~*~*~tactically~*~*~ (stealth).
   454 | D:1      | Reached XP level 3. HP: 23/23 MP: 3/3
   540 | D:1      | 540 ||| Stepping ~*~*~tactically~*~*~ (stealth).
   565 | D:1      | 565 ||| DROPPING +4 whip.
   585 | D:1      | Found a faded altar of an unknown god.
   679 | D:1      | 679 ||| Stepping ~*~*~tactically~*~*~ (stealth).
   762 | D:1      | 762 ||| UPGRADING to +0 helmet.
   767 | D:1      | 767 ||| UPGRADING to +0 cloak.
   772 | D:1      | 772 ||| READING scroll labelled LORUARH OMIPTA.
   773 | D:1      | 773 ||| READING scroll labelled BOAQIGR ATIW.
   774 | D:1      | 774 ||| DRINKING 2 grey potions.
  1032 | D:2      | Reached XP level 4. HP: 27/28 MP: 4/4
  1237 | D:2      | 1237 ||| Stepping ~*~*~tactically~*~*~ (stealth).
  1254 | D:2      | 1254 ||| Stepping ~*~*~tactically~*~*~ (stealth).
  1255 | D:2      | 1255 ||| Stepping ~*~*~tactically~*~*~ (stealth).
  1262 | D:2      | Identified the +2 hand axe of Charming Slow Death {flame,
                  | rC+ MP+9 Dex+3}
  1264 | D:2      | 1264 ||| DROPPING +0 mace.
  1279 | D:2      | Reached skill level 4 in Axes
  1446 | D:2      | 1446 ||| READING 2 scrolls labelled CUSAMOSAIR.
  1449 | D:2      | 1449 ||| READING scroll labelled XERROP BENEG.
  1450 | D:2      | 1450 ||| READING scroll labelled SUABREYWENIF.
  1543 | D:3      | Found a shadowy altar of Dithmenos.
  1574 | D:3      | Found Cauneog's Jewellery Shop.
  1582 | D:3      | 1582 ||| SHOPLISTING +6 ring of dexterity (360 gold, have
                  | 89).
  1582 | D:3      | 1582 ||| SHOPLISTING amulet "Noumezic" {Spirit rC- Dex+7}
                  | (447 gold, have 89).
  1582 | D:3      | 1582 ||| SHOPLISTING amulet of Webberph {RegenMP Fragile
                  | rPois Dex+3 SInv} (461 gold, have 89).
  1582 | D:3      | 1582 ||| SHOPLISTING amulet of faith (400 gold, have 89).
  1582 | D:3      | 1582 ||| SHOPLISTING amulet of the acrobat (300 gold, have
                  | 89).
  1582 | D:3      | 1582 ||| SHOPLISTING ring of protection from cold (250
                  | gold, have 89).
  1582 | D:3      | 1582 ||| SHOPLISTING ring of willpower (250 gold, have 89).
  1587 | D:3      | 1587 ||| Stepping ~*~*~tactically~*~*~ (stealth).
  1622 | D:3      | Reached XP level 5. HP: 22/32 MP: 5/5
  1674 | D:3      | 1674 ||| FLEEEEING.
  1675 | D:3      | 1675 ||| FLEEEEING.
  1676 | D:3      | 1676 ||| FLEEEEING.
  1677 | D:3      | 1677 ||| FLEEEEING.
  1678 | D:3      | 1678 ||| FLEEEEING.
  2023 | D:3      | Reached skill level 5 in Axes
  2073 | D:3      | Found a runed translucent door.
  2074 | D:3      | Noticed Crazy Yiuf
  2302 | D:3      | 2302 ||| UPGRADING to +0 plate armour.
  2312 | D:3      | 2312 ||| DROPPING +0 scale mail.
  2313 | D:3      | 2313 ||| READING scroll labelled UVONOY BAH AMM.
  2314 | D:3      | 2314 ||| DRINKING 2 pink potions.
  2314 | D:3      | Gained mutation: You possess an exceptional clarity of
                  | mind. [potion of mutation]
  2314 | D:3      | Gained mutation: You have hidden genetic potential. [potion
                  | of mutation]
  2351 | D:4      | 2351 ||| STAIRDANCE
  2472 | D:4      | Found a stormy altar of Qazlal.
  2558 | D:4      | 2558 ||| Stepping ~*~*~tactically~*~*~ (stealth).
  2559 | D:4      | 2559 ||| Stepping ~*~*~tactically~*~*~ (stealth).
  2588 | D:4      | Found a runed translucent gate.
  2588 | D:4      | Found a runed translucent gate.
  2588 | D:4      | Found a runed translucent gate.
  2589 | D:4      | Noticed qw's ghost (amateur GrHu)
  2589 | D:4      | Noticed qw's ghost (amateur GrFi)
  2624 | D:4      | 2624 ||| Stepping ~*~*~tactically~*~*~ (stealth).
  2625 | D:4      | 2625 ||| Stepping ~*~*~tactically~*~*~ (stealth).
  2626 | D:4      | 2626 ||| Stepping ~*~*~tactically~*~*~ (stealth).
  2627 | D:4      | 2627 ||| Stepping ~*~*~tactically~*~*~ (stealth).
  2628 | D:4      | 2628 ||| Stepping ~*~*~tactically~*~*~ (stealth).
  2633 | D:4      | HP: 8/33 [hobgoblin (3)]
  2634 | D:4      | Reached XP level 6. HP: 9/38 MP: 6/6
  2634 | D:4      | 2634 ||| READING 2 scrolls of teleportation.
  2637 | D:4      | 2637 ||| STAIRDANCE
  2779 | D:3      | 2779 ||| DROPPING ring of magical power.
  3174 | D:4      | Gained mutation: Your mind is acute. (Int +4, Str/Dex -1)
                  | [hidden potential]
  3373 | D:4      | Found a shimmering altar of Xom.
  3375 | D:4      | Found an iron altar of Okawaru.
  3375 | D:4      | Found a hide-covered altar of Uskayaw.
  3376 | D:4      | 3376 ||| PLANNING OKAWARU WORSHIP
  3382 | D:4      | Became a worshipper of Warmaster Okawaru
  3382 | D:4      | 3382 ||| PLANNING D:1-11
  3395 | D:4      | Found a broken altar of Ashenzari.
  3398 | D:4      | Found a glowing golden altar of the Shining One.
  3843 | D:5      | Entered Level 5 of the Dungeon
  3857 | D:5      | Found a shimmering blue altar of Sif Muna.
  3871 | D:5      | Found Bibemm's Assorted Antiques.
  3879 | D:5      | 3879 ||| BUYING large brass ring (160 gold).
  3879 | D:5      | Bought a large brass ring for 160 gold pieces
  3879 | D:5      | 3879 ||| SHOPLISTING lumpy cabochon amulet (160 gold, have
                  | 76).
  3879 | D:5      | 3879 ||| BUYING scroll of identify (64 gold).
  3879 | D:5      | Bought a scroll of identify for 64 gold pieces
  3886 | D:5      | Reached skill level 6 in Axes
  3908 | D:5      | Found Ockymm's Book Shoppe.
  3918 | D:5      | Reached XP level 7. HP: 40/43 MP: 7/7
  4027 | D:5      | Found Xuzuoc's Antique Weapon Emporium.
  4044 | D:5      | Found Leott's Assorted Antiques.
  4045 | D:5      | 4045 ||| Stepping ~*~*~tactically~*~*~ (hiding).
  4046 | D:5      | 4046 ||| Stepping ~*~*~tactically~*~*~ (hiding).
  4075 | D:5      | Gained mutation: Your spells are a little harder to cast,
                  | but a little more powerful. [hidden potential]
  4075 | D:5      | Lost mutation: You have hidden genetic potential. [hidden
                  | potential expressed]
  4185 | D:5      | 4185 ||| SHOPLISTING 3 scrolls of brand weapon (541 gold,
                  | have 32).
  4185 | D:5      | 4185 ||| SHOPLISTING pair of gloves (85 gold, have 32).
  4185 | D:5      | 4185 ||| SHOPLISTING potion of curing (57 gold, have 32).
  4185 | D:5      | 4185 ||| SHOPLISTING potion of mutation (152 gold, have
                  | 32).
  4185 | D:5      | 4185 ||| BUYING scroll labelled KID PASTROCIOLU (19 gold).
  4185 | D:5      | Bought a scroll labelled KID PASTROCIOLU for 19 gold pieces
  4185 | D:5      | 4185 ||| SHOPLISTING scroll labelled KUATADGHAHU (19 gold,
                  | have 13).
  4185 | D:5      | 4185 ||| SHOPLISTING scroll labelled TEROLI OBLEUDU (19
                  | gold, have 13).
  4211 | D:5      | Reached * piety under Okawaru
  4266 | D:5      | Reached skill level 7 in Axes
  4266 | D:5      | Reached skill level 1 in Invocations
  4387 | D:5      | Found a radiant altar of Vehumet.
  4396 | D:5      | Found a bloodstained altar of Trog.
  4418 | D:5      | 4418 ||| INVOKING Heroism.
  4448 | D:5      | 4448 ||| Stepping ~*~*~tactically~*~*~ (hiding).
  4457 | D:5      | 4457 ||| INVOKING Heroism.
  4481 | D:5      | 4481 ||| FLEEEEING.
  4482 | D:5      | 4482 ||| FLEEEEING.
  4484 | D:5      | 4484 ||| FLEEEEING.
  4485 | D:5      | 4485 ||| FLEEEEING.
  4490 | D:5      | 4490 ||| FLEEEEING.
  4491 | D:5      | 4491 ||| FLEEEEING.
  4500 | D:5      | 4500 ||| FLEEEEING.
  4501 | D:5      | 4501 ||| FLEEEEING.
  4502 | D:5      | 4502 ||| FLEEEEING.
  4503 | D:5      | 4503 ||| FLEEEEING.
  4508 | D:5      | 4508 ||| FLEEEEING.
  4509 | D:5      | 4509 ||| FLEEEEING.
  4510 | D:5      | 4510 ||| FLEEEEING.
  4511 | D:5      | 4511 ||| FLEEEEING.
  4512 | D:5      | 4512 ||| FLEEEEING.
  4513 | D:5      | 4513 ||| FLEEEEING.
  4514 | D:5      | 4514 ||| FLEEEEING.
  4515 | D:5      | 4515 ||| FLEEEEING.
  4518 | D:5      | 4518 ||| FLEEEEING.
  4519 | D:5      | 4519 ||| FLEEEEING.
  4521 | D:5      | Found a staircase to the Ecumenical Temple.
  4522 | D:5      | 4522 ||| FLEEEEING.
  4523 | D:5      | 4523 ||| FLEEEEING.
  4524 | D:5      | 4524 ||| FLEEEEING.
  4527 | D:5      | 4527 ||| STAIRDANCE
  4587 | D:4      | 4587 ||| UPGRADING to +4 ring of protection.
  4588 | D:4      | 4588 ||| READING scroll labelled XUASEDWOEMU.
  4589 | D:4      | 4589 ||| READING scroll labelled NUEXOA HEUSCHI.
  4590 | D:4      | 4590 ||| READING scroll labelled KID PASTROCIOLU.
  4591 | D:4      | 4591 ||| READING 3 scrolls of identify.
  4591 | D:4      | 4591 ||| IDENTIFYING green potion
  4592 | D:4      | 4592 ||| READING 2 scrolls of identify.
  4592 | D:4      | 4592 ||| IDENTIFYING red potion
  4656 | D:5      | 4656 ||| Stepping ~*~*~tactically~*~*~ (stealth).
  4879 | D:5      | 4879 ||| READING scroll labelled COTHOAFR ISUL.
  4942 | D:6      | Reached XP level 8. HP: 48/48 MP: 9/9
  4953 | D:6      | 4953 ||| Stepping ~*~*~tactically~*~*~ (hiding).
  4955 | D:6      | 4955 ||| Stepping ~*~*~tactically~*~*~ (hiding).
  4965 | D:6      | 4965 ||| Stepping ~*~*~tactically~*~*~ (stealth).
  4973 | D:6      | 4973 ||| Stepping ~*~*~tactically~*~*~ (stealth).
  4975 | D:6      | 4975 ||| Stepping ~*~*~tactically~*~*~ (stealth).
  4991 | D:6      | Reached skill level 3 in Invocations
  5060 | D:6      | 5060 ||| Stepping ~*~*~tactically~*~*~ (hiding).
  5077 | D:6      | 5077 ||| Stepping ~*~*~tactically~*~*~ (stealth).
  5078 | D:6      | 5078 ||| Stepping ~*~*~tactically~*~*~ (stealth).
  5128 | D:6      | 5128 ||| READING scroll of enchant armour.
  5128 | D:6      | 5128 ||| ENCHANTING +0 helmet.
  5237 | D:6      | 5237 ||| INVOKING Heroism.
  5378 | D:6      | Reached skill level 1 in Throwing
  5397 | D:6      | Noticed Blork the orc
  5398 | D:6      | 5398 ||| Stepping ~*~*~tactically~*~*~ (hiding).
  5402 | D:6      | 5402 ||| INVOKING Heroism.
  5413 | D:6      | Killed Blork the orc
  5471 | D:6      | 5471 ||| Stepping ~*~*~tactically~*~*~ (stealth).
  5473 | D:6      | 5473 ||| INVOKING Heroism.
  5556 | D:6      | Reached skill level 8 in Axes
  5586 | D:6      | Noticed Pikel
  5587 | D:6      | 5587 ||| INVOKING Heroism.
  5595 | D:6      | Killed Pikel
  5596 | D:6      | Reached XP level 9. HP: 52/57 MP: 10/12
  5822 | D:6      | 5822 ||| Stepping ~*~*~tactically~*~*~ (stealth).
  5847 | D:6      | 5847 ||| Stepping ~*~*~tactically~*~*~ (hiding).
  5848 | D:6      | 5848 ||| Stepping ~*~*~tactically~*~*~ (hiding).
  5849 | D:6      | 5849 ||| Stepping ~*~*~tactically~*~*~ (stealth).
  5850 | D:6      | 5850 ||| Stepping ~*~*~tactically~*~*~ (hiding).
  5851 | D:6      | 5851 ||| Stepping ~*~*~tactically~*~*~ (hiding).
  5852 | D:6      | 5852 ||| Stepping ~*~*~tactically~*~*~ (hiding).
  5867 | D:6      | 5867 ||| Stepping ~*~*~tactically~*~*~ (stealth).
  6236 | D:6      | 6236 ||| READING 3 scrolls of identify.
  6236 | D:6      | 6236 ||| IDENTIFYING inky potion
  6237 | D:6      | 6237 ||| DROPPING potion of brilliance.
  6282 | D:7      | Found Zin's Purification Station.
  6286 | D:7      | Found a glowing silver altar of Zin.
  6289 | D:7      | 6289 ||| BUYING potion of curing (90 gold).
  6289 | D:7      | Bought a potion of curing for 90 gold pieces
  6323 | D:7      | Reached skill level 1 in Dodging
  6376 | D:7      | 6376 ||| Stepping ~*~*~tactically~*~*~ (hiding).
  6377 | D:7      | 6377 ||| Stepping ~*~*~tactically~*~*~ (hiding).
  6434 | D:7      | 6434 ||| Stepping ~*~*~tactically~*~*~ (hiding).
  6436 | D:7      | 6436 ||| Stepping ~*~*~tactically~*~*~ (hiding).
  6643 | D:7      | 6643 ||| Stepping ~*~*~tactically~*~*~ (hiding).
  6644 | D:7      | 6644 ||| Stepping ~*~*~tactically~*~*~ (hiding).
  6645 | D:7      | 6645 ||| Stepping ~*~*~tactically~*~*~ (hiding).
  6646 | D:7      | 6646 ||| Stepping ~*~*~tactically~*~*~ (hiding).
  6647 | D:7      | 6647 ||| Stepping ~*~*~tactically~*~*~ (hiding).
  6683 | D:7      | 6683 ||| Stepping ~*~*~tactically~*~*~ (stealth).
  6684 | D:7      | 6684 ||| Stepping ~*~*~tactically~*~*~ (stealth).
  6690 | D:7      | 6690 ||| INVOKING Heroism.
  6696 | D:7      | Reached ** piety under Okawaru
  6697 | D:7      | Reached skill level 9 in Axes
  6712 | D:7      | 6712 ||| INVOKING Heroism.
  6942 | D:7      | 6942 ||| READING 2 scrolls of identify.
  6942 | D:7      | 6942 ||| IDENTIFYING murky orange potion
  6943 | D:7      | 6943 ||| DROPPING potion of enlightenment.
  6983 | D:8      | 6983 ||| Stepping ~*~*~tactically~*~*~ (hiding).
  7157 | D:8      | Noticed a two-headed ogre
  7158 | D:8      | 7158 ||| INVOKING Heroism.
  7161 | D:8      | Killed a two-headed ogre
  7162 | D:8      | Reached XP level 10. HP: 40/63 MP: 10/13
  7172 | D:8      | 7172 ||| Stepping ~*~*~tactically~*~*~ (stealth).
  7381 | D:8      | 7381 ||| Stepping ~*~*~tactically~*~*~ (stealth).
  7427 | D:8      | 7427 ||| Stepping ~*~*~tactically~*~*~ (stealth).
  7429 | D:8      | 7429 ||| Stepping ~*~*~tactically~*~*~ (hiding).
  7913 | D:9      | Noticed Grum
  7914 | D:9      | 7914 ||| Stepping ~*~*~tactically~*~*~ (hiding).
  7919 | D:9      | 7919 ||| INVOKING Heroism.
  7925 | D:9      | Killed Grum
  7935 | D:9      | Reached skill level 10 in Axes
  8150 | D:9      | Noticed a two-headed ogre
  8151 | D:9      | 8151 ||| INVOKING Heroism.
  8158 | D:9      | Killed a two-headed ogre
  8158 | D:9      | Reached *** piety under Okawaru
  8304 | D:9      | 8304 ||| INVOKING Heroism.
  8321 | D:9      | 8321 ||| INVOKING Heroism.
  8332 | D:9      | 8332 ||| Stepping ~*~*~tactically~*~*~ (stealth).
  8334 | D:9      | 8334 ||| Stepping ~*~*~tactically~*~*~ (stealth).
  8336 | D:9      | 8336 ||| Stepping ~*~*~tactically~*~*~ (stealth).
  8337 | D:9      | 8337 ||| Stepping ~*~*~tactically~*~*~ (stealth).
  8615 | D:9      | 8615 ||| Stepping ~*~*~tactically~*~*~ (hiding).
  8626 | D:9      | 8626 ||| FLEEEEING.
  8963 | D:9      | 8963 ||| DROPPING +2 hat.
  8964 | D:9      | 8964 ||| READING scroll labelled XUIWISCHANGATHRA.
  9065 | D:9      | 9065 ||| READING scroll labelled UVIEHA QECRUKHLY.
  9155 | D:10     | Entered Level 10 of the Dungeon
  9178 | D:10     | 9178 ||| Stepping ~*~*~tactically~*~*~ (hiding).
  9190 | D:10     | 9190 ||| INVOKING Heroism.
  9225 | D:10     | Reached skill level 11 in Axes
  9230 | D:10     | Reached **** piety under Okawaru
  9318 | D:10     | 9318 ||| Stepping ~*~*~tactically~*~*~ (hiding).
  9319 | D:10     | 9319 ||| Stepping ~*~*~tactically~*~*~ (hiding).
  9320 | D:10     | 9320 ||| Stepping ~*~*~tactically~*~*~ (hiding).
  9322 | D:10     | 9322 ||| Stepping ~*~*~tactically~*~*~ (hiding).
  9328 | D:10     | Reached XP level 11. HP: 69/69 MP: 14/14
  9455 | D:10     | 9455 ||| Stepping ~*~*~tactically~*~*~ (hiding).
  9460 | D:10     | 9460 ||| INVOKING Heroism.
  9477 | D:10     | Reached skill level 9 in Fighting
  9477 | D:10     | Noticed a two-headed ogre
  9482 | D:10     | Killed a two-headed ogre
  9491 | D:10     | 9491 ||| FLEEEEING.
  9501 | D:10     | 9501 ||| FLEEEEING.
  9502 | D:10     | 9502 ||| FLEEEEING.
  9512 | D:10     | 9512 ||| FLEEEEING.
  9519 | D:10     | 9519 ||| FLEEEEING.
  9520 | D:10     | 9520 ||| FLEEEEING.
  9525 | D:10     | 9525 ||| FLEEEEING.
  9526 | D:10     | 9526 ||| FLEEEEING.
  9527 | D:10     | 9527 ||| FLEEEEING.
  9528 | D:10     | 9528 ||| FLEEEEING.
  9529 | D:10     | 9529 ||| FLEEEEING.
  9544 | D:10     | 9544 ||| FLEEEEING.
  9545 | D:10     | 9545 ||| FLEEEEING.
  9582 | D:10     | Found a staircase to the Lair.
  9583 | D:10     | 9583 ||| INVOKING Heroism.
  9643 | D:10     | 9643 ||| Stepping ~*~*~tactically~*~*~ (stealth).
  9651 | D:10     | Received a gift from Okawaru
  9683 | D:10     | 9683 ||| Stepping ~*~*~tactically~*~*~ (stealth).
  9812 | D:10     | 9812 ||| Stepping ~*~*~tactically~*~*~ (hiding).
  9813 | D:10     | 9813 ||| INVOKING Heroism.
  9814 | D:10     | 9814 ||| Stepping ~*~*~tactically~*~*~ (hiding).
  9815 | D:10     | 9815 ||| Stepping ~*~*~tactically~*~*~ (hiding).
  9941 | D:10     | 9941 ||| Stepping ~*~*~tactically~*~*~ (hiding).
  9943 | D:10     | 9943 ||| Stepping ~*~*~tactically~*~*~ (hiding).
  9946 | D:10     | 9946 ||| INVOKING Heroism.
  9959 | D:10     | Noticed a two-headed ogre
  9970 | D:10     | Killed a two-headed ogre
  9971 | D:10     | Reached skill level 6 in Invocations
 10113 | D:10     | 10113 ||| Stepping ~*~*~tactically~*~*~ (stealth).
 10114 | D:10     | 10114 ||| Stepping ~*~*~tactically~*~*~ (stealth).
 10115 | D:10     | 10115 ||| Stepping ~*~*~tactically~*~*~ (stealth).
 10117 | D:10     | 10117 ||| INVOKING Heroism.
 10146 | D:10     | 10146 ||| INVOKING Heroism.
 10219 | D:10     | 10219 ||| Stepping ~*~*~tactically~*~*~ (hiding).
 10239 | D:10     | Reached skill level 3 in Throwing
 10356 | D:10     | 10356 ||| Stepping ~*~*~tactically~*~*~ (stealth).
 10439 | D:10     | 10439 ||| PLANNING LAIR
 10439 | D:10     | 10439 ||| UPGRADING to +0 kite shield.
 10449 | D:10     | 10449 ||| DROPPING +0 buckler.
 10450 | D:10     | 10450 ||| UPGRADING to ring of see invisible.
 10451 | D:10     | 10451 ||| READING scroll labelled KUATADGHAHU.
 10452 | D:10     | 10452 ||| READING 6 scrolls of identify.
 10452 | D:10     | 10452 ||| IDENTIFYING clear potion
 10475 | Lair:1   | Entered Level 1 of the Lair of Beasts
 10488 | Lair:1   | 10488 ||| INVOKING Heroism.
 10507 | Lair:1   | You fall into a shaft and drop 1 floor!
 10510 | Lair:2   | Noticed a six-headed hydra
 10515 | Lair:2   | 10515 ||| INVOKING Heroism.
 10516 | Lair:2   | 10516 ||| SWAPPING to +2 hand axe of Charming Slow Death
                  | {flame, rC+ MP+9 Dex+3}.
 10523 | Lair:2   | Killed a one-headed hydra
 10524 | Lair:2   | Reached skill level 6 in Shields
 10524 | Lair:2   | 10524 ||| SWAPPING to +0 heavy war axe.
 10722 | Lair:2   | 10722 ||| Stepping ~*~*~tactically~*~*~ (stealth).
 10731 | Lair:2   | 10731 ||| INVOKING Heroism.
 10778 | Lair:2   | 10778 ||| INVOKING Heroism.
 10821 | Lair:2   | 10821 ||| READING 6 scrolls of identify.
 10821 | Lair:2   | 10821 ||| IDENTIFYING fuming brown potion
 10864 | Lair:1   | 10864 ||| INVOKING Heroism.
 10922 | Lair:1   | 10922 ||| INVOKING Heroism.
 10934 | Lair:1   | Reached XP level 12. HP: 76/76 MP: 15/17
 10959 | Lair:1   | 10959 ||| INVOKING Heroism.
 10975 | Lair:1   | 10975 ||| INVOKING Heroism.
 11365 | Lair:1   | 11365 ||| INVOKING Heroism.
 11618 | Lair:1   | 11618 ||| Stepping ~*~*~tactically~*~*~ (hiding).
 11629 | Lair:1   | 11629 ||| INVOKING Heroism.
 11632 | Lair:1   | Reached skill level 9 in Shields
 11753 | Lair:1   | 11753 ||| Stepping ~*~*~tactically~*~*~ (stealth).
 11755 | Lair:1   | 11755 ||| Stepping ~*~*~tactically~*~*~ (hiding).
 11769 | Lair:1   | 11769 ||| INVOKING Heroism.
 11774 | Lair:1   | Reached skill level 9 in Invocations
 11995 | Lair:1   | Identified the +1 robe of Siakh {rPois rC- rN+}
 12008 | Lair:1   | 12008 ||| READING scroll of enchant armour.
 12008 | Lair:1   | 12008 ||| ENCHANTING +1 helmet.
 12162 | Lair:1   | 12162 ||| UPGRADING to +0 pair of boots.
 12167 | Lair:1   | 12167 ||| READING scroll labelled HYULIT OFES.
 12168 | Lair:1   | 12168 ||| DRINKING 2 dark potions.
 12169 | Lair:1   | 12169 ||| DROPPING potion of degeneration.
 12226 | Lair:2   | 12226 ||| READING scroll of enchant armour.
 12226 | Lair:2   | 12226 ||| ENCHANTING +0 pair of boots.
 12981 | Lair:3   | 12981 ||| INVOKING Heroism.
 12993 | Lair:3   | 12993 ||| STAIRDANCE
 12998 | Lair:2   | Received a gift from Okawaru
 13199 | Lair:3   | 13199 ||| INVOKING Heroism.
 13266 | Lair:3   | 13266 ||| Stepping ~*~*~tactically~*~*~ (stealth).
 13270 | Lair:3   | 13270 ||| INVOKING Heroism.
 13273 | Lair:3   | Reached skill level 12 in Axes
 13337 | Lair:3   | Found a dark tunnel.
 13367 | Lair:3   | 13367 ||| Stepping ~*~*~tactically~*~*~ (hiding).
 13379 | Lair:3   | Reached skill level 9 in Armour
 13379 | Lair:3   | 13379 ||| INVOKING Heroism.
 13393 | Lair:3   | Reached XP level 13. HP: 48/80 MP: 20/20
 13479 | Lair:3   | 13479 ||| Stepping ~*~*~tactically~*~*~ (stealth).
 13491 | Lair:3   | Found a staircase to the Shoals.
 13620 | Lair:3   | 13620 ||| Stepping ~*~*~tactically~*~*~ (stealth).
 13621 | Lair:3   | 13621 ||| Stepping ~*~*~tactically~*~*~ (stealth).
 13623 | Lair:3   | 13623 ||| Stepping ~*~*~tactically~*~*~ (stealth).
 13624 | Lair:3   | 13624 ||| Stepping ~*~*~tactically~*~*~ (stealth).
 13625 | Lair:3   | 13625 ||| Stepping ~*~*~tactically~*~*~ (stealth).
 13744 | Lair:3   | 13744 ||| INVOKING Heroism.
 13849 | Lair:3   | 13849 ||| INVOKING Heroism.
 13864 | Lair:3   | 13864 ||| SWAPPING to +2 hand axe of Charming Slow Death
                  | {flame, rC+ MP+9 Dex+3}.
 13865 | Lair:3   | 13865 ||| SWAPPING to +0 heavy war axe.
 14171 | Lair:3   | Found a hole to the Spider Nest.
 14294 | Lair:3   | 14294 ||| READING scroll labelled APOANW LIPPER.
 14325 | Lair:4   | 14325 ||| INVOKING Heroism.
 14421 | Lair:4   | 14421 ||| Stepping ~*~*~tactically~*~*~ (stealth).
 14424 | Lair:4   | 14424 ||| Stepping ~*~*~tactically~*~*~ (stealth).
 14479 | Lair:4   | 14479 ||| FLEEEEING.
 14481 | Lair:4   | 14481 ||| FLEEEEING.
 14483 | Lair:4   | 14483 ||| FLEEEEING.
 14484 | Lair:4   | 14484 ||| FLEEEEING.
 14485 | Lair:4   | 14485 ||| FLEEEEING.
 14486 | Lair:4   | 14486 ||| FLEEEEING.
 14488 | Lair:4   | 14488 ||| FLEEEEING.
 14490 | Lair:4   | 14490 ||| FLEEEEING.
 14491 | Lair:4   | 14491 ||| FLEEEEING.
 14492 | Lair:4   | 14492 ||| FLEEEEING.
 14493 | Lair:4   | 14493 ||| FLEEEEING.
 14494 | Lair:4   | 14494 ||| FLEEEEING.
 14495 | Lair:4   | 14495 ||| FLEEEEING.
 14496 | Lair:4   | 14496 ||| FLEEEEING.
 14497 | Lair:4   | 14497 ||| STAIRDANCE
 14501 | Lair:4   | 14501 ||| STAIRDANCE
 14503 | Lair:3   | 14503 ||| INVOKING Heroism.
 14542 | Lair:4   | 14542 ||| Stepping ~*~*~tactically~*~*~ (stealth).
 14899 | Lair:4   | Reached ***** piety under Okawaru
 14956 | Lair:4   | 14956 ||| Stepping ~*~*~tactically~*~*~ (hiding).
 14962 | Lair:4   | 14962 ||| INVOKING Heroism.
 15141 | Lair:4   | Reached skill level 13 in Axes
 15219 | Lair:4   | 15219 ||| INVOKING Heroism.
 15259 | Lair:4   | Received a gift from Okawaru
 15584 | Lair:4   | 15584 ||| READING 8 scrolls of identify.
 15584 | Lair:4   | 15584 ||| IDENTIFYING murky silvery potion
 15585 | Lair:4   | 15585 ||| DROPPING potion of invisibility.
 15599 | Lair:5   | Entered Level 5 of the Lair of Beasts
 15602 | Lair:5   | 15602 ||| Stepping ~*~*~tactically~*~*~ (stealth).
 15605 | Lair:5   | 15605 ||| Stepping ~*~*~tactically~*~*~ (stealth).
 15664 | Lair:5   | 15664 ||| INVOKING Heroism.
 15665 | Lair:5   | 15665 ||| INVOKING Finesse.
 15669 | Lair:5   | 15669 ||| SWAPPING to +2 hand axe of Charming Slow Death
                  | {flame, rC+ MP+9 Dex+3}.
 15680 | Lair:5   | 15680 ||| SWAPPING to +0 heavy war axe.
 15695 | Lair:5   | 15695 ||| Stepping ~*~*~tactically~*~*~ (stealth).
 15696 | Lair:5   | 15696 ||| Stepping ~*~*~tactically~*~*~ (stealth).
 15717 | Lair:5   | 15717 ||| INVOKING Heroism.
 15723 | Lair:5   | 15723 ||| SWAPPING to +2 hand axe of Charming Slow Death
                  | {flame, rC+ MP+9 Dex+3}.
 15732 | Lair:5   | 15732 ||| SWAPPING to +0 heavy war axe.
 15757 | Lair:5   | 15757 ||| INVOKING Finesse.
 15761 | Lair:5   | 15761 ||| SWAPPING to +2 hand axe of Charming Slow Death
                  | {flame, rC+ MP+9 Dex+3}.
 15767 | Lair:5   | 15767 ||| SWAPPING to +0 heavy war axe.
 15918 | Lair:5   | Identified the +2 robe of the Shrike {Str+2}
 15969 | Lair:5   | 15969 ||| Stepping ~*~*~tactically~*~*~ (stealth).
 15985 | Lair:5   | Gained mutation: Your large and strong wings let you fly.
                  | [Gargoyle growth]
 15985 | Lair:5   | Reached XP level 14. HP: 76/88 MP: 21/21
 16017 | Lair:5   | Reached skill level 14 in Axes
 16024 | Lair:5   | 16024 ||| FLEEEEING.
 16025 | Lair:5   | 16025 ||| FLEEEEING.
 16026 | Lair:5   | 16026 ||| FLEEEEING.
 16027 | Lair:5   | 16027 ||| STAIRDANCE
 16058 | Lair:5   | 16058 ||| STAIRDANCE
 16164 | Lair:5   | Identified the +1 plate armour of Ublurukk {Harm Rampage
                  | Slay+3}
 16186 | Lair:5   | 16186 ||| INVOKING Heroism.
 16253 | Lair:5   | 16253 ||| Stepping ~*~*~tactically~*~*~ (stealth).
 16305 | Lair:5   | Received a gift from Okawaru
 16429 | Lair:5   | 16429 ||| Stepping ~*~*~tactically~*~*~ (stealth).
 16460 | Lair:5   | 16460 ||| Stepping ~*~*~tactically~*~*~ (hiding).
 16461 | Lair:5   | 16461 ||| Stepping ~*~*~tactically~*~*~ (hiding).
 16465 | Lair:5   | 16465 ||| INVOKING Heroism.
 16685 | Lair:5   | 16685 ||| FLEEEEING.
 16693 | Lair:5   | Found a large runed translucent door.
 16693 | Lair:5   | Found a large runed translucent door.
 16761 | Lair:5   | 16761 ||| INVOKING Heroism.
 16767 | Lair:5   | HP: 13/90 [komodo dragon (12)]
 16768 | Lair:5   | 16768 ||| READING 3 scrolls of teleportation.
 16769 | Lair:5   | 16769 ||| DRINKING 2 potions of heal wounds.
 16770 | Lair:5   | 16770 ||| DRINKING potion of heal wounds.
 16787 | Lair:5   | HP: 21/90 [komodo dragon (13)]
 16788 | Lair:5   | 16788 ||| READING 2 scrolls of teleportation.
 16792 | Lair:5   | Reached skill level 12 in Shields
 17149 | Lair:5   | Found a viscous altar of Jiyva.
 17150 | Lair:5   | Found a staircase to the Slime Pits.
 17324 | Lair:5   | 17324 ||| FLEEEEING.
 17450 | Lair:5   | 17450 ||| PLANNING D:1-11
 17601 | D:11     | 17601 ||| Stepping ~*~*~tactically~*~*~ (hiding).
 17612 | D:11     | 17612 ||| FLEEEEING.
 17613 | D:11     | 17613 ||| FLEEEEING.
 17614 | D:11     | 17614 ||| FLEEEEING.
 17615 | D:11     | 17615 ||| FLEEEEING.
 17616 | D:11     | 17616 ||| FLEEEEING.
 17617 | D:11     | 17617 ||| FLEEEEING.
 17618 | D:11     | 17618 ||| FLEEEEING.
 17619 | D:11     | 17619 ||| FLEEEEING.
 17620 | D:11     | 17620 ||| STAIRDANCE
 17685 | D:11     | 17685 ||| INVOKING Heroism.
 17686 | D:11     | 17686 ||| INVOKING Finesse.
 17688 | D:11     | 17688 ||| SWAPPING to +2 hand axe of Charming Slow Death
                  | {flame, rC+ MP+9 Dex+3}.
 17693 | D:11     | Received a gift from Okawaru
 17694 | D:11     | 17694 ||| SWAPPING to +0 heavy war axe.
 17819 | D:11     | 17819 ||| INVOKING Heroism.
 17972 | D:11     | Identified the +5 war axe of Certain Death {pain, Will++
                  | Dex+3}
 17974 | D:11     | 17974 ||| SWAPPING to +5 war axe of Certain Death {pain,
                  | Will++ Dex+3}.
 17979 | D:11     | Identified the +5 trident of Vozyut {venom, Fragile rElec
                  | Str-4 Dex+8}
 18179 | D:11     | 18179 ||| Stepping ~*~*~tactically~*~*~ (stealth).
 18751 | D:11     | 18751 ||| PLANNING D
 18751 | D:11     | 18751 ||| DROPPING scarf of shadows.
 18793 | D:12     | Found Bowukhly's Weapon Shop.
 18832 | D:12     | 18832 ||| Stepping ~*~*~tactically~*~*~ (stealth).
 18835 | D:12     | 18835 ||| Stepping ~*~*~tactically~*~*~ (stealth).
 18838 | D:12     | 18838 ||| Stepping ~*~*~tactically~*~*~ (stealth).
 18853 | D:12     | Found a staircase to the Orcish Mines.
 18983 | D:12     | 18983 ||| Stepping ~*~*~tactically~*~*~ (hiding).
 18984 | D:12     | 18984 ||| Stepping ~*~*~tactically~*~*~ (hiding).
 18986 | D:12     | 18986 ||| Stepping ~*~*~tactically~*~*~ (hiding).
 18987 | D:12     | 18987 ||| Stepping ~*~*~tactically~*~*~ (hiding).
 18989 | D:12     | 18989 ||| Stepping ~*~*~tactically~*~*~ (hiding).
 19016 | D:12     | 19016 ||| Stepping ~*~*~tactically~*~*~ (hiding).
 19017 | D:12     | 19017 ||| Stepping ~*~*~tactically~*~*~ (hiding).
 19019 | D:12     | 19019 ||| Stepping ~*~*~tactically~*~*~ (hiding).
 19066 | D:12     | Found Zifyxy's Armour Shop.
 19139 | D:12     | 19139 ||| Stepping ~*~*~tactically~*~*~ (stealth).
 19142 | D:12     | 19142 ||| Stepping ~*~*~tactically~*~*~ (stealth).
 19232 | D:12     | Noticed Jorgrun
 19233 | D:12     | 19233 ||| INVOKING Heroism.
 19234 | D:12     | 19234 ||| INVOKING Finesse.
 19253 | D:12     | Killed Jorgrun
 19254 | D:12     | Reached skill level 15 in Axes
 19403 | D:12     | Found a portal to a secret trove of treasure.
 19489 | D:12     | 19489 ||| Stepping ~*~*~tactically~*~*~ (hiding).
 19593 | D:12     | Found Esiska's Antique Armour Boutique.
 19602 | D:12     | 19602 ||| SHOPLISTING shadow dragon scales (1920 gold, have
                  | 1078).
 19815 | D:12     | Found Muluciw's Book Emporium.
 19912 | D:13     | 19912 ||| Stepping ~*~*~tactically~*~*~ (hiding).
 20067 | D:13     | Received a gift from Okawaru
 20215 | D:13     | 20215 ||| INVOKING Heroism.
 20638 | D:13     | 20638 ||| FLEEEEING.
 20639 | D:13     | 20639 ||| FLEEEEING.
 20986 | D:13     | 20986 ||| UPGRADING to +0 kite shield of positive energy.
 20996 | D:13     | 20996 ||| DROPPING +0 kite shield.
 20997 | D:13     | 20997 ||| DROPPING ring of positive energy.
 21259 | D:14     | Found a flickering gateway to a bazaar.
 21260 | D:14     | 21260 ||| PLANNING BAZAAR
 21267 | D:14     | Reached skill level 3 in Dodging
 21273 | D:14     | Reached XP level 15. HP: 86/94 MP: 22/22
 21300 | Bazaar   | Entered a bazaar
 21300 | Bazaar   | Found Arofap's Weapon Boutique.
 21300 | Bazaar   | Found Gaimull's Weapon Shop.
 21300 | Bazaar   | Found Ipsyruri's Jewellery Shop.
 21300 | Bazaar   | Found Tonoenk's Antique Armour Boutique.
 21300 | Bazaar   | Found Ruidgh's Armour Boutique.
 21307 | Bazaar   | 21307 ||| BUYING pair of gloves (94 gold).
 21307 | Bazaar   | Bought a pair of gloves for 94 gold pieces
 21307 | Bazaar   | 21307 ||| BUYING runed chain mail (157 gold).
 21307 | Bazaar   | Bought a runed chain mail for 157 gold pieces
 21307 | Bazaar   | 21307 ||| BUYING shiny chain mail (157 gold).
 21307 | Bazaar   | Bought a shiny chain mail for 157 gold pieces
 21311 | Bazaar   | 21311 ||| BUYING +2 pair of gloves (297 gold).
 21311 | Bazaar   | Bought a +2 pair of gloves for 297 gold pieces
 21313 | Bazaar   | 21313 ||| BUYING ring of fire (325 gold).
 21313 | Bazaar   | Bought a ring of fire for 325 gold pieces
 21313 | Bazaar   | 21313 ||| UPGRADING to +0 pair of gloves.
 21318 | Bazaar   | 21318 ||| DROPPING +1 chain mail of cold resistance.
 21319 | Bazaar   | 21319 ||| UPGRADING to +2 chain mail of cold resistance.
 21329 | Bazaar   | 21329 ||| UPGRADING to +2 pair of gloves.
 21339 | Bazaar   | 21339 ||| DROPPING +0 pair of gloves.
 21344 | D:14     | 21344 ||| PLANNING D
 21381 | D:14     | 21381 ||| Stepping ~*~*~tactically~*~*~ (hiding).
 21411 | D:14     | 21411 ||| Stepping ~*~*~tactically~*~*~ (hiding).
 21412 | D:14     | 21412 ||| Stepping ~*~*~tactically~*~*~ (hiding).
 21413 | D:14     | 21413 ||| Stepping ~*~*~tactically~*~*~ (hiding).
 21422 | D:14     | 21422 ||| INVOKING Heroism.
 21424 | D:14     | 21424 ||| Stepping ~*~*~tactically~*~*~ (hiding).
 21426 | D:14     | 21426 ||| Stepping ~*~*~tactically~*~*~ (hiding).
 21458 | D:14     | 21458 ||| INVOKING Heroism.
 21467 | D:14     | Reached skill level 12 in Fighting
 21468 | D:14     | 21468 ||| FLEEEEING.
 21470 | D:14     | 21470 ||| FLEEEEING.
 21471 | D:14     | 21471 ||| FLEEEEING.
 21479 | D:14     | 21479 ||| FLEEEEING.
 21480 | D:14     | 21480 ||| FLEEEEING.
 21481 | D:14     | 21481 ||| FLEEEEING.
 21482 | D:14     | 21482 ||| FLEEEEING.
 21483 | D:14     | 21483 ||| FLEEEEING.
 21484 | D:14     | 21484 ||| FLEEEEING.
 21485 | D:14     | 21485 ||| FLEEEEING.
 21486 | D:14     | 21486 ||| FLEEEEING.
 21487 | D:14     | 21487 ||| FLEEEEING.
 21488 | D:14     | 21488 ||| FLEEEEING.
 21489 | D:14     | 21489 ||| FLEEEEING.
 21490 | D:14     | 21490 ||| FLEEEEING.
 21757 | D:14     | Noticed Roxanne
 21758 | D:14     | 21758 ||| INVOKING Heroism.
 21759 | D:14     | 21759 ||| INVOKING Finesse.
 21786 | D:14     | Killed Roxanne
 21858 | D:14     | 21858 ||| Stepping ~*~*~tactically~*~*~ (hiding).
 21873 | D:14     | 21873 ||| INVOKING Heroism.
 22002 | D:14     | Found a frozen archway.
 22012 | D:14     | 22012 ||| FLEEEEING.
 22013 | D:14     | 22013 ||| FLEEEEING.
 22014 | D:14     | 22014 ||| FLEEEEING.
 22015 | D:14     | 22015 ||| FLEEEEING.
 22015 | D:14     | Found a gate to the Vaults.
 22087 | D:14     | 22087 ||| INVOKING Heroism.
 22088 | D:14     | 22088 ||| INVOKING Finesse.
 22338 | D:14     | 22338 ||| Stepping ~*~*~tactically~*~*~ (hiding).
 22512 | D:15     | Entered Level 15 of the Dungeon
 22620 | D:15     | 22620 ||| Stepping ~*~*~tactically~*~*~ (stealth).
 22622 | D:15     | 22622 ||| INVOKING Heroism.
 22623 | D:15     | 22623 ||| INVOKING Finesse.
 22626 | D:15     | 22626 ||| SWAPPING to +2 hand axe of Charming Slow Death
                  | {flame, rC+ MP+9 Dex+3}.
 22631 | D:15     | 22631 ||| SWAPPING to +5 war axe of Certain Death {pain,
                  | Will++ Dex+3}.
 22632 | D:15     | 22632 ||| Stepping ~*~*~tactically~*~*~ (stealth).
 22633 | D:15     | 22633 ||| Stepping ~*~*~tactically~*~*~ (stealth).
 22700 | D:15     | 22700 ||| Stepping ~*~*~tactically~*~*~ (stealth).
 22796 | D:15     | 22796 ||| INVOKING Heroism.
 22870 | D:15     | 22870 ||| Stepping ~*~*~tactically~*~*~ (stealth).
 22878 | D:15     | Reached skill level 16 in Axes
 22916 | D:15     | 22916 ||| Stepping ~*~*~tactically~*~*~ (stealth).
 22922 | D:15     | 22922 ||| Stepping ~*~*~tactically~*~*~ (stealth).
 22924 | D:15     | 22924 ||| Stepping ~*~*~tactically~*~*~ (stealth).
 22932 | D:15     | 22932 ||| INVOKING Heroism.
 22963 | D:15     | Received a gift from Okawaru
 22974 | D:15     | 22974 ||| INVOKING Heroism.
 23151 | D:15     | 23151 ||| INVOKING Heroism.
 23254 | D:15     | 23254 ||| Stepping ~*~*~tactically~*~*~ (stealth).
 23285 | D:15     | Received a gift from Okawaru
 23293 | D:15     | 23293 ||| INVOKING Heroism.
 23388 | D:15     | 23388 ||| Stepping ~*~*~tactically~*~*~ (hiding).
 23679 | D:15     | 23679 ||| INVOKING Heroism.
 23735 | D:15     | Found a staircase to the Depths.
 23986 | D:15     | 23986 ||| PLANNING ORC
 24084 | Orc:1    | Entered Level 1 of the Orcish Mines
 24094 | Orc:1    | 24094 ||| Stepping ~*~*~tactically~*~*~ (stealth).
 24094 | Orc:1    | Noticed Erolcha
 24095 | Orc:1    | 24095 ||| INVOKING Heroism.
 24098 | Orc:1    | 24098 ||| Stepping ~*~*~tactically~*~*~ (hiding).
 24100 | Orc:1    | 24100 ||| Stepping ~*~*~tactically~*~*~ (hiding).
 24102 | Orc:1    | 24102 ||| Stepping ~*~*~tactically~*~*~ (hiding).
 24103 | Orc:1    | 24103 ||| Stepping ~*~*~tactically~*~*~ (hiding).
 24104 | Orc:1    | 24104 ||| Stepping ~*~*~tactically~*~*~ (hiding).
 24115 | Orc:1    | Killed Erolcha
 24209 | Orc:1    | Noticed an orc warlord
 24210 | Orc:1    | Found a one-way gate to the infinite horrors of the Abyss.
 24211 | Orc:1    | Noticed Veudig's ghost (journeyman HOFi)
 24227 | Orc:1    | 24227 ||| INVOKING Heroism.
 24284 | Orc:1    | 24284 ||| Stepping ~*~*~tactically~*~*~ (stealth).
 24286 | Orc:1    | 24286 ||| INVOKING Heroism.
 24318 | Orc:1    | 24318 ||| DROPPING +1 war axe.
 24402 | Orc:1    | Identified the +8 war axe of the Ship {vamp, Int+4}
                  | (Okawaru gifted it to you on level 1 of the Orcish Mines)
 24402 | Orc:1    | Received a gift from Okawaru
 24424 | Orc:1    | 24424 ||| SWAPPING to +8 war axe of the Ship {vamp, Int+4}.
 24434 | Orc:1    | 24434 ||| Stepping ~*~*~tactically~*~*~ (hiding).
 24457 | Orc:1    | Found a transporter.
 24461 | Orc:1    | Found a transporter.
 24544 | Orc:1    | 24544 ||| FLEEEEING.
 24551 | Orc:1    | 24551 ||| FLEEEEING.
 24552 | Orc:1    | 24552 ||| FLEEEEING.
 24553 | Orc:1    | 24553 ||| FLEEEEING.
 24554 | Orc:1    | 24554 ||| FLEEEEING.
 24559 | Orc:1    | 24559 ||| FLEEEEING.
 24560 | Orc:1    | 24560 ||| FLEEEEING.
 24561 | Orc:1    | 24561 ||| FLEEEEING.
 24562 | Orc:1    | 24562 ||| FLEEEEING.
 24563 | Orc:1    | 24563 ||| FLEEEEING.
 24564 | Orc:1    | 24564 ||| FLEEEEING.
 24568 | Orc:1    | 24568 ||| STAIRDANCE
 24817 | Orc:2    | Entered Level 2 of the Orcish Mines
 24919 | Orc:2    | Noticed an orc warlord
 24920 | Orc:2    | 24920 ||| Stepping ~*~*~tactically~*~*~ (stealth).
 24921 | Orc:2    | 24921 ||| INVOKING Heroism.
 24922 | Orc:2    | 24922 ||| INVOKING Finesse.
 24936 | Orc:2    | Killed an orc warlord
 24937 | Orc:2    | Reached XP level 16. HP: 104/104 MP: 16/23
 24956 | Orc:2    | Paralysed by an orc sorcerer for 4 turns
 24960 | Orc:2    | 24960 ||| INVOKING Heroism.
 25099 | Orc:2    | 25099 ||| Stepping ~*~*~tactically~*~*~ (hiding).
 25100 | Orc:2    | 25100 ||| Stepping ~*~*~tactically~*~*~ (hiding).
 25103 | Orc:2    | 25103 ||| Stepping ~*~*~tactically~*~*~ (hiding).
 25122 | Orc:2    | Found Nadungeu's Magic Scroll Shoppe.
 25134 | Orc:2    | 25134 ||| BUYING 3 scrolls of enchant armour (225 gold).
 25134 | Orc:2    | Bought 3 scrolls of enchant armour for 225 gold pieces
 25134 | Orc:2    | 25134 ||| BUYING scroll of identify (20 gold).
 25134 | Orc:2    | Bought a scroll of identify for 20 gold pieces
 25134 | Orc:2    | 25134 ||| BUYING scroll of teleportation (30 gold).
 25134 | Orc:2    | Bought a scroll of teleportation for 30 gold pieces
 25134 | Orc:2    | 25134 ||| READING 3 scrolls of enchant armour.
 25134 | Orc:2    | 25134 ||| ENCHANTING +1 pair of boots.
 25135 | Orc:2    | 25135 ||| READING 2 scrolls of enchant armour.
 25135 | Orc:2    | 25135 ||| ENCHANTING +0 cloak.
 25136 | Orc:2    | 25136 ||| READING scroll of enchant armour.
 25136 | Orc:2    | 25136 ||| ENCHANTING +1 cloak.
 25152 | Orc:2    | 25152 ||| FLEEEEING.
 25154 | Orc:2    | 25154 ||| Stepping ~*~*~tactically~*~*~ (hiding).
 25156 | Orc:2    | 25156 ||| INVOKING Heroism.
 25175 | Orc:2    | Reached skill level 6 in Throwing
 25222 | Orc:2    | 25222 ||| INVOKING Heroism.
 25249 | Orc:2    | Found a staircase to the Elven Halls.
 25256 | Orc:2    | Reached skill level 12 in Armour
 25317 | Orc:2    | 25317 ||| DROPPING +3 war axe of venom.
 25318 | Orc:2    | 25318 ||| DROPPING +0 heavy war axe.
 25327 | Orc:2    | 25327 ||| Stepping ~*~*~tactically~*~*~ (stealth).
 25328 | Orc:2    | 25328 ||| Stepping ~*~*~tactically~*~*~ (stealth).
 25329 | Orc:2    | 25329 ||| Stepping ~*~*~tactically~*~*~ (stealth).
 25330 | Orc:2    | 25330 ||| Stepping ~*~*~tactically~*~*~ (stealth).
 25415 | Orc:2    | Found Istrearo's Armour Emporium.
 25420 | Orc:2    | 25420 ||| BUYING +2 scale mail "Guyjoup" {Rampage Will++
                  | Regen+} (455 gold).
 25420 | Orc:2    | Bought the +2 scale mail "Guyjoup" {Rampage Will++ Regen+}
                  | for 455 gold pieces
 25546 | Orc:2    | 25546 ||| Stepping ~*~*~tactically~*~*~ (stealth).
 25547 | Orc:2    | 25547 ||| Stepping ~*~*~tactically~*~*~ (stealth).
 25549 | Orc:2    | 25549 ||| Stepping ~*~*~tactically~*~*~ (hiding).
 25550 | Orc:2    | 25550 ||| Stepping ~*~*~tactically~*~*~ (hiding).
 25550 | Orc:2    | Found Leucuthu's Assorted Antiques.
 25551 | Orc:2    | 25551 ||| Stepping ~*~*~tactically~*~*~ (hiding).
 25678 | Orc:2    | 25678 ||| BUYING scroll labelled MUTAKU WERPHECY (22 gold).
 25678 | Orc:2    | Bought a scroll labelled MUTAKU WERPHECY for 22 gold pieces
 25678 | Orc:2    | 25678 ||| BUYING scroll labelled MUTAKU WERPHECY (22 gold).
 25678 | Orc:2    | Bought a scroll labelled MUTAKU WERPHECY for 22 gold pieces
 25859 | Orc:2    | Found Isouzoff's Antique Weapon Emporium.
 25861 | Orc:2    | Found Etudgh's Antique Armour Shoppe.
 25874 | Orc:2    | 25874 ||| BUYING shiny chain mail (232 gold).
 25874 | Orc:2    | Bought a shiny chain mail for 232 gold pieces
 25895 | Orc:2    | 25895 ||| PLANNING SPIDER:1-3
 25895 | Orc:2    | 25895 ||| DROPPING +0 plate armour.
 25896 | Orc:2    | 25896 ||| UPGRADING to +2 scale mail "Guyjoup" {Rampage
                  | Will++ Regen+}.
 25906 | Orc:2    | 25906 ||| READING 2 scrolls labelled MUTAKU WERPHECY.
 26030 | Spider:1 | Entered Level 1 of the Spider Nest
 26035 | Spider:1 | 26035 ||| STAIRDANCE
 26079 | Spider:1 | 26079 ||| FLEEEEING.
 26080 | Spider:1 | 26080 ||| FLEEEEING.
 26081 | Spider:1 | 26081 ||| FLEEEEING.
 26082 | Spider:1 | 26082 ||| FLEEEEING.
 26083 | Spider:1 | 26083 ||| FLEEEEING.
 26085 | Spider:1 | 26085 ||| FLEEEEING.
 26086 | Spider:1 | 26086 ||| FLEEEEING.
 26087 | Spider:1 | 26087 ||| STAIRDANCE
 26091 | Spider:1 | 26091 ||| STAIRDANCE
 26095 | Spider:1 | 26095 ||| STAIRDANCE
 26208 | Spider:1 | Found a transporter.
 26218 | Spider:1 | Noticed qw's ghost (adept GrFi)
 26221 | Spider:1 | Found a transporter.
 26326 | Spider:1 | 26326 ||| INVOKING Heroism.
 26527 | Spider:1 | 26527 ||| INVOKING Heroism.
 26555 | Spider:1 | 26555 ||| Stepping ~*~*~tactically~*~*~ (hiding).
 26714 | Spider:1 | Received a gift from Okawaru
 26860 | Spider:1 | 26860 ||| INVOKING Heroism.
 26861 | Spider:1 | 26861 ||| Stepping ~*~*~tactically~*~*~ (stealth).
 26919 | Spider:1 | 26919 ||| Stepping ~*~*~tactically~*~*~ (hiding).
 27082 | Spider:1 | 27082 ||| READING scroll labelled TEROLI OBLEUDU.
 27083 | Spider:1 | 27083 ||| READING 11 scrolls of identify.
 27083 | Spider:1 | 27083 ||| IDENTIFYING lumpy yellow potion
 27084 | Spider:1 | 27084 ||| DROPPING potion of berserk rage.
 27126 | Spider:2 | 27126 ||| Stepping ~*~*~tactically~*~*~ (stealth).
 27229 | Spider:2 | 27229 ||| INVOKING Heroism.
 27329 | Spider:2 | Noticed Asterion
 27330 | Spider:2 | 27330 ||| Stepping ~*~*~tactically~*~*~ (hiding).
 27332 | Spider:2 | 27332 ||| INVOKING Heroism.
 27344 | Spider:2 | HP: 23/106 [balrug/bolt of fire[Asterion] (28)]
 27345 | Spider:2 | 27345 ||| READING 6 scrolls of teleportation.
 27345 | Spider:2 | HP: 2/106 [Asterion/+1 spectral broad axe (15)]
 27345 | Spider:2 | Mangled by Asterion

Levels and vault maps discovered:
D:1:      minmay_arrival_wavy_path, layout_basic,
          shapermc_ecumenical_altar_ellora
D:2:      minmay_diamond_boxcup, layout_basic
D:3:      layout_basic, nicolae_dithmenos_through_a_glass_darkly, serial_shops,
          shop, dreamdust_princess_bridge, dk_noncrumbling_3,
          chequers_serial_rivers_micro_d, chequers_serial_rivers_micro_a,
          uniq_crazy_yiuf_cottage
D:4:      layout_layer_cave, minmay_overflow_temple_star_hex,
          amcnicky_altar_gilded, gammafunk_ghost_cemetery
D:5:      layout_loops_ring, mainiacjoe_overflow_concentric_impassable,
          mainiacjoe_overflow_swirl, minmay_temple_entry_trees, serial_shops,
          nicolae_shop_crystal, nicolae_shop_overgrown_old_shop,
          nicolae_shop_gibbet_a_chance, minmay_shop_grid_forest
D:6:      layout_basic, st_stairs_5, minmay_holes, uniq_blork_the_orc,
          uniq_pikel
D:7:      layout_cave_pools, zin_purify, serial_column_ruins,
          column_ruins_corridor_straight, column_ruins_open_small,
          column_ruins_open_small, column_ruins_open_tiny,
          hangedman_abyss_or_decor_stagger
D:8:      layout_loops_ring
D:9:      layout_loops_ring, uniq_grum
D:10:     layout_rooms, grunt_lair_entry_orc_guard_hut, minmay_joined_circles
D:11:     layout_stronghold, st_stairs_3, minmay_lindwurm_lava
D:12:     layout_irregular_city, zombieorc2_lemuel, enter_trove_1, serial_shops,
          kennysheep_mini_moat, nicolae_shop_dealshenge, shop,
          nicolae_shop_hallway_plus, uniq_jorgrun
D:13:     layout_basic
D:14:     layout_small_grid, david_vaults_2, portal_ice_cave_entry_pillars_2,
          serial_shops, bzr_in_the_mist, nicolae_titane, uniq_roxanne
D:15:     grunt_enter_depths_magical_seal, layout_loops_cross,
          minmay_beelzebubs_servants
Lair:1:   layout_gridlike
Lair:2:   layout_roguey, st_stairs_10, cheibrodos_lair_caveside_slide,
          infiniplex_staircase_pool, grunt_megastairs_3, serial_bayou_shore_a,
          lemuel_fruit_tree
Lair:3:   layout_regular_city, elwin_shoals_entry_stream,
          nicolae_spider_entry_non_spiders, nicolae_volcano_entry_hallway,
          disabler_island
Lair:4:   layout_roguey, serial_bayou_shore_b, grunt_megastairs_2
Lair:5:   cheibrodos_lair_end_hotspot, layout_layer_cave,
          dpeg_slime_entry_corner
Spider:1: layout_cave_pods, gammafunk_ghost_arena
Spider:2: layout_spider_delve, drop_trap, uniq_asterion
Orc:1:    layout_caves, gammafunk_ghost_abyssal_escape, lightli_orcish_oven,
          uniq_erolcha
Orc:2:    grunt_orc_community_town_hall, layout_caves,
          grunt_orc_community_big_house_1, grunt_orc_community_big_house_2,
          grunt_orc_community_house_1, grunt_orc_community_house_2,
          grunt_orc_community_house_2, grunt_orc_community_house_1,
          grunt_orc_community_house_3, serial_shops, shop

Skill      XL: |  1  2  3  4  5  6  7  8  9 10 11 12 13 14 15 16 |
---------------+-------------------------------------------------+-----
Axes           | 2 3 4 5 6 7 8 9 11 12 13 15 16 | 16.0
Fighting       | 4 7 8 9 10 11 13 14 | 14.0
Armour         | 4 5 7 8 9 10 11 12 | 12.0
Invocations    | 2 4 7 10 | 10.0
Throwing       | 1 3 5 6 |  6.5
Dodging        | 1 2 3 4 |  4.0
Shields        | 4 5 7 10 11 12 13 14 | 14.0

Action                     |  1- 3 |  4- 6 |  7- 9 | 10-12 | 13-15 | 16-18 || total
---------------------------+-------+-------+-------+-------+-------+-------++-------
  Melee: War axe           |    98 |   123 |   179 |   475 |  1241 |   413 ||  2529
         Hand axe          |       |       |       |     7 |    32 |       ||    39
  Throw: Boomerang         |       |       |    27 |    17 |    10 |    43 ||    97
         Javelin           |       |       |       |    20 |   119 |    33 ||   172
 Invoke: Heroism           |       |       |     9 |    26 |    31 |     8 ||    74
         Finesse           |       |       |       |       |     8 |       ||     8
    Use: Scroll            |     2 |     5 |     9 |     8 |     4 |     7 ||    35
         Potion            |     1 |     1 |       |     1 |     2 |       ||     5
 Armour: Scale mail        |    43 |    59 |       |       |       |   198 ||   300
         Plate armour      |       |    58 |   186 |   446 |   543 |       ||  1233
         Chain mail        |       |       |       |       |   314 |    72 ||   386
  Dodge: Dodged            |    38 |    66 |    71 |   176 |   340 |   152 ||   843
  Block: Buckler           |    18 |    35 |    49 |    76 |       |       ||   178
         Kite shield       |       |       |       |   159 |   727 |   281 ||  1167

Table legend:
 A = Non-vault XP
 B = Vault XP
 C = Vault XP percentage of total XP
 D = Non-vault monster count
 E = Vault monster count
 F = Vault count percentage of total count
                 A         B        C        D         E       F
            +---------+---------+-------+---------+---------+-------
      Total |  115441 |   40687 |  26.1 |     556 |     228 |  29.1
            +---------+---------+-------+---------+---------+-------
        D:1 |      60 |       0 |   0.0 |      33 |       0 |   0.0
        D:2 |      50 |      12 |  19.4 |      15 |       6 |  28.6
        D:3 |     178 |       0 |   0.0 |      25 |       0 |   0.0
        D:4 |     159 |       0 |   0.0 |      12 |       0 |   0.0
        D:5 |     728 |       0 |   0.0 |      21 |       0 |   0.0
        D:6 |     740 |    1013 |  57.8 |      28 |       5 |  15.2
        D:7 |    1005 |       0 |   0.0 |      12 |       0 |   0.0
        D:8 |    1415 |       0 |   0.0 |       9 |       0 |   0.0
        D:9 |    1842 |     543 |  22.8 |      24 |       4 |  14.3
       D:10 |    2288 |    4993 |  68.6 |      20 |      24 |  54.5
       D:11 |    3463 |    3164 |  47.7 |      13 |       7 |  35.0
       D:12 |    5657 |    2649 |  31.9 |      21 |      37 |  63.8
       D:13 |    6110 |       0 |   0.0 |      16 |       0 |   0.0
       D:14 |   12471 |    3011 |  19.4 |      23 |       4 |  14.8
       D:15 |   12790 |    7747 |  37.7 |      24 |      18 |  42.9
     Lair:1 |    6443 |       0 |   0.0 |      27 |       0 |   0.0
     Lair:2 |    3957 |    1165 |  22.7 |      20 |       4 |  16.7
     Lair:3 |    7134 |    1890 |  20.9 |      25 |      16 |  39.0
     Lair:4 |    7995 |    1170 |  12.8 |      28 |       2 |   6.7
     Lair:5 |   14595 |    6463 |  30.7 |      30 |      27 |  47.4
   Spider:1 |   11640 |       0 |   0.0 |      29 |       0 |   0.0
   Spider:2 |    5113 |       0 |   0.0 |      15 |       0 |   0.0
      Orc:1 |    4705 |     886 |  15.8 |      44 |       6 |  12.0
      Orc:2 |    4903 |    5981 |  55.0 |      42 |      68 |  61.8
            +---------+---------+-------+---------+---------+-------
